 Dungeon Crawl Stone Soup version 0.25.0-9-g26727b657a (webtiles) character file.

Game seed: 6870436099016126529

2776 MordorOrchid the Magician (level 9, -4/54 HPs)
             Began as an Octopode Ice Elementalist on June 20, 2020.
             Was a Believer of Sif Muna.
             Slain by an unseen horror (5 damage)
             ... on level 7 of the Dungeon.
             The game lasted 00:28:16 (8717 turns).

MordorOrchid the Magician (OpIE)                    Turns: 8717, Time: 00:28:17

Health: -4/54      AC:  3    Str:  8    XL:     9   Next: 70%
Magic:  18/20      EV: 19    Int: 20    God:    Sif Muna [**....]
Gold:   148        SH:  0    Dex: 12    Spells: 7/22 levels left

rFire    . . .     SeeInvis .   q - +3 quarterstaff (chaos)
rCold    . . .     Gourm    .   (shield currently unavailable)
rNeg     . . .     Faith    .   F - +2 hat
rPois    .         Spirit   .   (no amulet)
rElec    .         Reflect  .   D - +4 ring of evasion
rCorr    .         Harm     .   (no ring)
MR       .....                  (no ring)
Stlth    +++.......             (no ring)
HPRegen  0.18/turn              (no ring)
MPRegen  0.17/turn              (no ring)
                                (no ring)
                                (no ring)

@: frozen ramparts
A: almost no armour, stealthy swim, amphibious, 8 rings, constrict 8, camouflage
1, gelatinous body 1
a: Channel Magic, Renounce Religion


You were on level 7 of the Dungeon.
You worshipped Sif Muna.
Sif Muna was pleased with you.
You were not hungry.

You visited 1 branch of the dungeon, and saw 7 of its levels.
You also visited: Ossuary.

You collected 304 gold pieces.
You spent 156 gold pieces at shops.

Inventory:

Hand Weapons
 j - a +0 whip
 q - a +3 quarterstaff of chaos (weapon)
 y - a +0 dagger
 A - the +1 flail "Iraar" {freeze, *Noise +Rage rPois Dex+4}
   (You found it on level 4 of the Dungeon)

   It has been specially enchanted to freeze those struck by it, causing extra
   injury to most foes and up to half again as much damage against particularly
   susceptible opponents.
   It can also slow down cold-blooded creatures.
   It affects your dexterity (+4).
   It protects you from poison.
   It lets you go berserk.
   It may make noises in combat.
Missiles
 c - 109 arrows
 d - 181 stones
 l - 8 boomerangs (quivered)
 p - 65 sling bullets
Armour
 h - a +0 kite shield
 F - a +2 hat (worn)
Jewellery
 D - a +4 ring of evasion (left tentacle)
Wands
 u - a wand of random effects (16)
Scrolls
 a - 6 scrolls of magic mapping
 f - a scroll of fog
 g - 3 scrolls of teleportation
 k - 3 scrolls of amnesia
 n - 3 scrolls of fear
 s - a scroll of summoning {unknown}
 v - a scroll of blinking {unknown}
 z - a scroll of remove curse
Potions
 e - 2 potions of brilliance
 i - 4 potions of lignification
 m - a potion of cancellation {unknown}
 o - 2 potions of stabbing
 t - 3 potions of mutation
 w - a potion of flight {unknown}
 x - a potion of haste {unknown}
 B - a potion of magic {unknown}
 C - 2 potions of curing {unknown}
Comestibles
 b - 8 rations
 E - 3 chunks of flesh


   Skills:
 - Level 2.0 Fighting
 * Level 5.3 Dodging
 - Level 3.0 Stealth
 * Level 4.0 Shields
 + Level 7.4 Spellcasting
 - Level 2.0 Charms
 * Level 2.6 Summonings
 + Level 7.3 Ice Magic
 * Level 2.9 Evocations


You had 7 spell levels left.
You knew the following spells:

 Your Spells              Type           Power        Failure   Level  Hunger
a - Freeze                Ice            ####         1%          1    None
b - Frozen Ramparts       Ice            #####.       1%          3    #......
c - Hailstorm             Conj/Ice       ###.....     21%         4    ###....
s - Summon Ice Beast      Ice/Summ       ####....     12%         4    ###....
y - Ozocubu's Armour      Chrm/Ice       ####....     4%          3    #......

Your spell library contained the following spells:

 Spells                   Type           Power        Failure   Level  Hunger


Dungeon Overview and Level Annotations

Branches:
Dungeon (7/15)             Temple (0/1) D:7         Ossuary (visited)

Altars:
Hepliaklqana
Makhleb
Sif Muna
Uskayaw

Shops:
D:7 ?

Annotations:
D:5 3 runed translucent doors, kelmiir's ghost, novice GnSk


Innate Abilities, Weirdness & Mutations

You cannot wear most types of armour.
You are very stealthy in the water. (Stealth+)
You are amphibious.
You can wear up to eight rings at the same time.
You can use your tentacles to constrict eight enemies at once.
Your skin changes colour to match your surroundings (Stealth+).
Your rubbery body absorbs attacks. (AC +1, EV +1)


Message History

The wall freezes something.
Something barely misses you.
The wall freezes something.
Something hits you but does no damage.
A howler monkey comes into view.
You feel much better.
The wall freezes something but do no damage.
Something hits you.
The wall freezes something.
Something hits you.
The wall freezes something.
Something hits you!
The wall freezes something but do no damage.
Something hits you.
The wall freezes something.
Something barely misses you.
The wall freezes something. x2; Something hits you!
* * * LOW HITPOINT WARNING * * *
The wall freezes something but do no damage.
The wall freezes something.
The wall freezes something. x2; Something hits you.
* * * LOW HITPOINT WARNING * * *
The wall freezes something.
Something hits you!
* * * LOW HITPOINT WARNING * * *
The wall freezes something.
Something closely misses you.
The wall freezes something.
Something hits you.
You die...

...#....###..........#........
...####..##...................
...# ##.#....#..###.........#
...# #.#.###................
...## #...##...###########..#
....# #........# ...∩#
#.#####.##
#.#.####.#####.########.
...............{@.......
.........#.....#######..
......)....##### .>....<....#
...........# .............
.............. ...........###
..........##


There were no monsters in sight!

Vanquished Creatures
  2 phantoms
  2 sky beasts (D:6)
  An ice beast (D:6)
  2 ogres
  4 bullfrogs
  2 elf zombies (Ossuary)
  5 killer bees (D:7)
  4 howler monkeys
  5 centaur zombies (Ossuary)
  4 crimson imps
  5 hounds
  3 human zombies (Ossuary)
  2 orc priests (D:7)
  A jelly (D:5)
  Crazy Yiuf (D:2)
  A bullfrog skeleton (D:7)
  2 iguanas (D:4)
  6 orc wizards
  3 worker ants
  4 mummies
  A howler monkey zombie (D:7)
  A worker ant zombie (D:6)
  11 gnolls
  8 adders
  A shadow imp (D:6)
  3 oozes
  5 adder skeletons
  7 worms
  2 dart slugs
  6 leopard geckos
  16 orcs
  4 giant cockroaches
  7 goblins
  8 hobgoblins
  13 jackals
  3 quokkas
  2 ball pythons
  10 bats
  8 frilled lizards
  A jackal skeleton (D:5)
  9 kobolds
  2 quokka skeletons
  5 rats
192 creatures vanquished.

Notes
Turn   | Place    | Note
-------+----------+-------------------------------------------
     0 | D:1      | MordorOrchid the Octopode Ice Elementalist began the quest
                  | for the Orb.
     0 | D:1      | Reached XP level 1. HP: 11/11 MP: 3/3
   219 | D:1      | Reached XP level 2. HP: 5/17 MP: 1/5
   990 | D:1      | Reached XP level 3. HP: 15/22 MP: 4/6
   995 | D:1      | Learned a level 3 spell: Frozen Ramparts
  1426 | D:1      | Reached skill level 1 in Fighting
  2127 | D:2      | Reached XP level 4. HP: 28/28 MP: 3/7
  2751 | D:2      | Found a runed translucent door.
  2752 | D:2      | Noticed Crazy Yiuf
  2775 | D:2      | Killed Crazy Yiuf
  2775 | D:2      | Reached XP level 5. HP: 13/33 MP: 4/9
  3117 | D:2      | Learned a level 3 spell: Ozocubu's Armour
  3352 | D:3      | Found a burning altar of Makhleb.
  3438 | D:3      | Reached XP level 6. HP: 39/39 MP: 4/11
  3444 | D:3      | Reached skill level 5 in Ice Magic
  3727 | D:3      | Found a hide-covered altar of Uskayaw.
  3947 | D:3      | You fall into a shaft and drop 3 floors!
  3948 | D:6      | Noticed a phantom
  3949 | D:6      | Noticed an ice beast
  4027 | D:6      | Reached skill level 1 in Charms
  4056 | D:6      | Found a sand-covered staircase.
  4191 | Ossuary  | Entered an ossuary
  4394 | Ossuary  | Reached XP level 7. HP: 31/45 MP: 9/13
  4402 | Ossuary  | Reached skill level 1 in Shields
  4594 | Ossuary  | Reached skill level 5 in Spellcasting
  4849 | Ossuary  | Learned a level 4 spell: Summon Ice Beast
  4884 | Ossuary  | HP: 1/45 [something (3)]
  5187 | D:5      | Entered Level 5 of the Dungeon
  5349 | D:4      | Reached XP level 8. HP: 50/50 MP: 9/16
  5358 | D:4      | Found a shimmering blue altar of Sif Muna.
  5366 | D:4      | Became a worshipper of Sif Muna the Loreminder
  5635 | D:4      | Got a transparent flail
  5636 | D:4      | Identified the cursed +1 flail "Iraar" {freeze, *Noise
                  | +Rage rPois Dex+4} (You found it on level 4 of the Dungeon)
  6373 | D:5      | Noticed kelmiir's ghost (novice GnSk)
  6460 | D:5      | Found a runed translucent gate.
  6460 | D:5      | Found a runed translucent gate.
  6460 | D:5      | Found a runed translucent gate.
  6651 | D:5      | Reached * piety under Sif Muna
  7091 | D:5      | Learned a level 4 spell: Hailstorm
  7416 | D:6      | Reached skill level 1 in Summonings
  7416 | D:6      | Reached skill level 1 in Evocations
  7426 | D:6      | Reached XP level 9. HP: 54/54 MP: 16/19
  7794 | D:6      | Reached skill level 5 in Dodging
  7959 | D:6      | Found a hazy altar of Hepliaklqana.
  8139 | D:7      | Reached ** piety under Sif Muna
  8340 | D:7      | Found a staircase to the Ecumenical Temple.
  8621 | D:7      | Found Rumot's Magic Scroll Shop.
  8664 | D:7      | Bought a scroll of magic mapping for 42 gold pieces
  8664 | D:7      | Bought a scroll of teleportation for 36 gold pieces
  8664 | D:7      | Bought a scroll of magic mapping for 42 gold pieces
  8664 | D:7      | Bought a scroll of remove curse for 36 gold pieces
  8712 | D:7      | HP: 2/54 [something (10)]
  8717 | D:7      | HP: 1/54 [something (9)]
  8717 | D:7      | Slain by an unseen horror

Illustrated notes

Levels and vault maps discovered:
D:1:      kilobyte_arrival_exit_the_forest, layout_loops_ring
D:2:      layout_basic, uniq_crazy_yiuf_cottage
D:3:      layout_basic, eat_drink_and_be_merry_uskayaw, makhleb_grotto_becter
D:4:      layout_layer_cave, lemuel_crystal_altar, first_ration, minivault_26,
          hex_large
D:5:      layout_basic, gammafunk_ghost_split
D:6:      layout_basic, kennysheep_mini_moat, gup_ossuary_entry_pyramid
D:7:      layout_rooms, minmay_temple_entry_waves, serial_shops, shop

Skill      XL: |  1  2  3  4  5  6  7  8  9 |
---------------+----------------------------+-----
Stealth        | 3 |  3.0
Fighting       | 1 2 |  2.0
Spellcasting   | 3 4 5 6 7 |  7.4
Dodging        | 3 4 5 |  5.3
Ice Magic      | 5 6 7 |  7.3
Charms         | 1 2 |  2.0
Shields        | 1 3 4 |  4.0
Summonings     | 1 2 |  2.6
Evocations     | 1 2 |  2.9

Action                   |  1- 3 |  4- 6 |  7- 9 || total
-------------------------+-------+-------+-------++-------
Melee: Unarmed           |    12 |       |       ||    12
       Constrict         |    10 |    11 |    38 ||    59
       Tentacles         |     7 |     8 |    32 ||    47
       Whip              |    28 |     5 |       ||    33
       Dagger            |    21 |    13 |     1 ||    35
       Quarterstaff      |       |    43 |   180 ||   223
       Flail             |       |       |     5 ||     5
Throw: Stone             |       |     5 |    30 ||    35
       Boomerang         |       |       |    13 ||    13
 Cast: Freeze            |    25 |     1 |       ||    26
       Frozen Ramparts   |     2 |    20 |    41 ||    63
       Ozocubu's Armour  |       |     2 |     6 ||     8
 Abil: Evoke Berserk Rag |       |       |     1 ||     1
  Use: Scroll            |     7 |     5 |     5 ||    17
       Potion            |       |     1 |     3 ||     4
 Stab: Sleeping          |     9 |     4 |     7 ||    20
       Paralysed         |       |     6 |     4 ||    10
       Petrified         |       |     1 |       ||     1
       Distracted        |       |       |     2 ||     2
  Eat: Chunk             |     4 |     8 |    14 ||    26
       Ration            |       |       |     1 ||     1
Armor: Skin              |    10 |     8 |    37 ||    55
Dodge: Dodged            |    61 |    50 |   131 ||   242
